[Event "Jeux du Barreau 2019"]
[Site "Paris, France"]
[Date "2019.07.10"]
[Round "7.3"]
[White "Vandeweeghe, Simon"]
[Black "Gautier, Joel"]
[Result "1-0"]
[TimeControl "15+3"]
[WhiteElo "2036"]
[BlackElo "1975"]

1. d4 e6 2. c4 f5 3. g3 Nf6 4. Bg2 Be7 5. Nc3 O-O 6. Nf3 d6 7. O-O Ne4 8. Qc2 Nxc3 9. Qxc3 a5 10. b3 Bf6 11. Bb2 Nc6 12.
Qd2 Qe8 13. d5 Bxb2 14. Qxb2 Nb4 15. dxe6 Bxe6 16. Ng5 Bc8 17. a3 Nc6 18. Rad1 Qg6 19. Nh3 f4 20. Qd2 f3 21. exf3 Ne5 22.
Ng5 h6 23. f4 Ng4 24. Nf3 Nf6 25. Rfe1 Bg4 26. h3 Bf5 27. Nh4 Qh5 28. Nxf5 Qxf5 29. Qd3 Qd7 30. Kh2 Rae8 31. Re3 Rxe3 32. fxe3 Re8 33. e4 Qe7 34.
Re1 Nd7 35. Qd5+ Kh8 36. Qxb7 Nc5 37. Qd5 Rb8 38. e5 Rxb3 39. Qa8+ Kh7 40. Qxa5 dxe5 41. Rxe5 Qd6 42. Qxc5 Qd7 43. Re7 Qxe7 44. Qa5 1-0

[Event "Jeux du Barreau 2019"]
[Site "Paris, France"]
[Date "2019.07.10"]
[Round "7.4"]
[White "Beaulier, Benjamin"]
[Black "Spirta, Boris"]
[Result "1-0"]
[TimeControl "15+3"]
[WhiteElo "1658"]
[BlackElo "1811"]

1. e4 c5 2. d3 d6 3. g3 g6 4. Bg2 Bg7 5. f4 Nc6 6. Nf3 Bg4 7. O-O Qd7 8. c3 Bh3 9. Na3 Bxg2 10. Kxg2 Nf6 11. Nc2 O-O-O 12. Be3 Ng4 13. Bg1 h5 14.
h3 Nh6 15. Rc1 b6 16. Qe2 f5 17. Rfd1 e5 18. d4 exd4 19. cxd4 fxe4 20. Qxe4 Nf5 21. dxc5 Rde8 22. Qa4 Qb7 23. cxd6 Rd8 24. Nb4 Kd7 25. Rxc6 1-0

[Event "Jeux du Barreau 2019"]
[Site "Paris, France"]
[Date "2019.07.10"]
[Round "7.5"]
[White "Mangenot, Valentin"]
[Black "Levy, David"]
[Result "1/2-1/2"]
[TimeControl "15+3"]
[WhiteElo "1405"]
[BlackElo "1511"]

1. d4 c6 2. c4 d5 3. cxd5 Qxd5 4.
Nc3 Qa5 5. Nf3 Bg4 6. e3 Nf6 7.
Bd3 e6 8. O-O Be7 9. Bd2 O-O 10. Re1 Nbd7 11. e4 e5 12. d5 cxd5 13. Nxd5 Qd8 14. Nxe7+ Qxe7 15. a3 Rfd8 16. Bb4 Qe6 17. Rc1 Nb6 18. Qe2 Nh5 19. h3 Bxf3 20. Qxf3 Nf4 21. Bc2 Rac8 22. Bb3 Qf6 23. Red1 Ne6 24. Rxd8+ Rxd8 25. Qxf6 gxf6 26. Bxe6 fxe6 27. Be7 Rd4 28. Bxf6 Rxe4 29. Kf1 Kf7 30. Bd8 Nd5 31. Re1 Rxe1+ 32. Kxe1 Nf4 33. Kf1 h5 34. g3 Nd3 35. b3 Kg6 36. b4 Kf5 37. Ke2 Nb2 38. Bc7 Nc4 39. Kd3 Nxa3 40. Bb8 a6 41.
g4+ hxg4 42. hxg4+ Kxg4 43. Bxe5 Kf5 44. f4 Nb5 45. Kc4 Na7 46. Kc5 Nc6 47. Bc7 Ke4 48. b5 axb5 49. Kxb5 1/2-1/2

[Event "Jeux du Barreau 2019"]
[Site "Paris, France"]
[Date "2019.07.10"]
[Round "7.6"]
[White "Clair, Michael"]
[Black "Sainson, Michael"]
[Result "1/2-1/2"]
[TimeControl "15+3"]
[WhiteElo "1726"]
[BlackElo "1584"]

1. e4 e5 2. Nf3 Nc6 3. Bb5 a6 4. Ba4 Nf6 5.
O-O b5 6. Bb3 Be7 7. Re1 O-O 8. c3 d6 9. h3 Be6 10.
Bc2 Na5 11. d4 exd4 12. cxd4 c6 13. Be3 Nc4 14. Bc1 h6 15. Nc3 Nh7 16. d5 cxd5 17. exd5 Bc8 18. Nd4 Bd7 19. Qd3 Nf6 20.
Qg3 Ne5 21. Bf5 Bxf5 22. Nxf5 Ng6 23. Nd4 Rc8 24. Nc6 Qd7 25. Nxe7+ Nxe7 26. Bxh6 Nf5 27. Qd3 Nxh6 28. Nd1 Qf5 29.
Qb3 Qxd5 30. Qa3 Rfe8 31. Ne3 Qb7 32. Qxd6 Rc6 33. Qd3 Rce6 34. Rec1 Kh8 35. Rc5 Qd7 36. Qc3 Ne4 37. Rc7 Nxc3 38. Rxd7 Ne4 39. Nd5 Rd6 40.
Rxd6 Nxd6 41. Nc7 Re2 42. Rb1 a5 43. Rd1 Ne4 44. f3 Nf6 45. Rb1 Rd2 46. Nxb5 Rd5 47. Nc3 Rc5 48. Rd1 Kh7 49. Re1 Rc7 50. Kf2 Rb7 51.
Re2 Rd7 52. Rc2 Nf5 53. Ne2 Nd4 54. Nxd4 Rxd4 55. Ke3 Rb4 56.
b3 a4 57. bxa4 Rxa4 58. Kf2 Kg6 59.
Kg3 Kf5 60. Rc5+ Ke6 61. Rc2 Nd5 62. Re2+ Kd6 63. Rd2 Kc5 64. Rc2+ Kb4 65. Rd2 Nc3 66. Rd7 Rxa2 67. Rxf7 g5 68. Rg7 Ra5 69. Kg4 Ne2 70. Rxg5 Ra7 71. h4 Rh7 72. h5 Nd4 73.
Re5 Nc6 74. Re6 Nd8 75. Rg6 Kc5 76.
Kf5 Kd5 77. Kf6 Ne6 78. h6 Nf8 1/2-1/2

[Event "Jeux du Barreau 2019"]
[Site "Paris, France"]
[Date "2019.07.10"]
[Round "7.7"]
[White "Abulius, Thomas"]
[Black "Leblic, Maximilien"]
[Result "1-0"]
[TimeControl "15+3"]
[WhiteElo "1390"]
[BlackElo "1289"]

1. d4 d5 2. c4 e6 3. Nf3 Nf6 4. Bf4 Bd6 5. Bg3 b6 6.
e3 Bb7 7. Nc3 Bb4 8. a3 Bxc3+ 9. bxc3 Ne4 10. Qc2 Nxg3 11.
hxg3 O-O 12. Qxh7# 1-0

[Event "Jeux du Barreau 2019"]
[Site "Paris, France"]
[Date "2019.07.10"]
[Round "7.8"]
[White "Lanoe-Campbell, Luca"]
[Black "Delage, Pierre Luc"]
[Result "0-1"]
[TimeControl "15+3"]
[WhiteElo "1379"]
[BlackElo "1399"]

1. e4 e5 2. Nf3 d6 3. d4 exd4 4. Nxd4 Nf6 5. Nc3 Be7 6. Bd3 O-O 7. Bg5 Nbd7 8. Qd2 Ne5 9. O-O-O Nxd3+ 10. Qxd3 Ng4 11. Bxe7 Qxe7 12. Rdf1 Ne5 13. Qe2 c5 14. Nf3 Be6 15. Nd5 Qd7 16. Nxe5 dxe5 17. Rd1 Qa4 18. a3 c4 19.
c3 Rfd8 20. Nc7 Rac8 21. Nxe6 fxe6 22. h4 Rf8 23. g4 Qe8 24. h5 Qe7 25. Rd2 Qg5 26. Rhd1 b5 27. Kb1 a5 28. Rd6 Rfe8 29.
Rd7 Rf8 30. Rb7 Rb8 31. Rdd7 Rxb7 32.
Rxb7 b4 33. axb4 axb4 34. Rxb4 Rc8 35. Rxc4 Re8 36. f3 Qe7 37. b4 Ra8 38. Qe3 Qd7 39. Kb2 0-1

[Event "Jeux du Barreau 2019"]
[Site "Paris, France"]
[Date "2019.07.10"]
[Round "7.9"]
[White "Lepetit, Jean Pierre"]
[Black "Constant, Arnaud"]
[Result "1-0"]
[TimeControl "15+3"]
[WhiteElo "1078"]
[BlackElo "1399"]

1. e4 e5 2. Nf3 Nc6 3.
Bc4 Nf6 4. Ng5 d5 5. exd5 Nxd5 6. d4 Be6 7. Nxe6 fxe6 8. O-O Qf6 9. dxe5 Qxe5 10. Re1 Qd6 11. Nc3 Nce7 12. Bg5 c6 13.
Qg4 Nf5 14. Rad1 Be7 15. Bxe7 Qxe7 16. Ne4 O-O 17. Bb3 Nf6 18.
Nxf6+ Qxf6 19. Rd7 Rae8 20. Red1 Kh8 21. Rxb7 Nh6 22. Qd4 Rd8 23. Rd7 1-0

[Event "Jeux du Barreau 2019"]
[Site "Paris, France"]
[Date "2019.07.10"]
[Round "7.10"]
[White "Danon, Agnes"]
[Black "De Vareilles-Sommier, Ferdinand"]
[Result "0-1"]
[TimeControl "15+3"]
[WhiteElo "1199"]
[BlackElo "1399"]

1. Nf3 c5 2. g3 Nc6 3. d3 g6 4. Bg2 Bg7 5. Nc3 Nf6 6. e4 d6 7. O-O O-O 8. d4 cxd4 9. Nxd4 Nxe4 10.
Nxe4 Nxd4 11. c3 Nc6 12. b4 Bf5 13. g4 Bxe4 14. Bxe4 Nxb4 15. Bxb7 Rb8 16. Qf3 Qc7 17. Bd5 Nxd5 18.
Qxd5 Bxc3 19. Bh6 Bxa1 20. Bxf8 Kxf8 21. Rxa1 Qc5 22. Qd2 Rb4 23. Rc1 Rxg4+ 24. Kf1 Qb5+ 25. Qe2 Qxe2+ 26. Kxe2 Ra4 27. Ra1 e6 28. Kd3 d5 29.
Kc3 e5 30. Kb3 Rf4 31. Re1 e4 32. Rd1 e3 33. fxe3 Rf3 34. Rd3 d4 35. Kc4 dxe3 36. Kd4 e2 37. Rxf3 e1=Q 38. a4 Qb4+ 39.
Kd5 Qb7+ 0-1

[Event "Jeux du Barreau 2019"]
[Site "Paris, France"]
[Date "2019.07.10"]
[Round "7.11"]
[White "Castel, David"]
[Black "Rabbe, Laurent"]
[Result "1-0"]
[TimeControl "15+3"]
[WhiteElo "1366"]
[BlackElo "1399"]

1. d4 d5 2. c4 e6 3. a3 Nf6 4. Nc3 Nc6 5. Nf3 Bd6 6. Bg5 b6 7. e3 O-O 8. Bd3 e5 9. Nxd5 Ba6 10.
b3 Qd7 11. Bxf6 gxf6 12. Nxf6+ Kg7 13. Nxd7 Rfe8 14. Bc2 f6 15. Qd3 Rf8 16. Qxh7# 1-0